 Dungeon Crawl Stone Soup version 0.18.1-5-g4a78601 (webtiles) character file.

699 Lovchig the Shield-Bearer (level 7, -1/61 HPs)
             Began as a Minotaur Fighter on May 13, 2016.
             Was an Initiate of Nemelex Xobeh.
             Slain by a hound (3 damage)
             ... on level 6 of the Dungeon.
             The game lasted 00:14:45 (4113 turns).

Lovchig the Shield-Bearer (Minotaur Fighter)        Turns: 4113, Time: 00:14:46

Health: -1/61      AC: 15    Str: 27    XL:     7   Next: 38%
Magic:  6/6        EV:  7    Int:  5    God:    Nemelex Xobeh [......]
Gold:   225        SH: 11    Dex: 10    Spells: 0 memorised, 6 levels left

rFire  . . .     SeeInvis .     e - +0 hand axe (flame)
rCold  . . .     Gourm    .     q - +0 chain mail
rNeg   . . .     Faith    .     c - +0 shield
rPois  .         Spirit   .     (helmet restricted)
rElec  .         Dismiss  .     r - +0 cloak
rCorr  .         Reflect  .     w - +0 pair of gloves
SustAt .         Harm     .     t - +2 pair of boots
MR     .....                    (no amulet)
Stlth  ..........               (no ring)
                                (no ring)

@: mighty, fainting, not resistant to hostile enchantments, extremely unstealthy
A: retaliatory headbutt, horns 2
a: Renounce Religion


You were on level 6 of the Dungeon.
You worshipped Nemelex Xobeh.
Nemelex Xobeh was noncommittal.
You were fainting.

You visited 2 branches of the dungeon, and saw 7 of its levels.

You collected 225 gold pieces.

Inventory:

Hand Weapons
 e - a +0 hand axe of flaming (weapon)
 o - a +3 quarterstaff of chaos
Armour
 c - a +0 shield (worn)
 q - a +0 chain mail (worn)
 r - a +0 cloak (worn)
 t - a +2 pair of boots (worn)
 w - a +0 pair of gloves (worn)
Jewellery
 k - a -3 ring of evasion
Wands
 x - a wand of slowing (14/48)
Scrolls
 p - 4 scrolls of teleportation
 u - a scroll of enchant armour {unknown}
Potions
 m - 3 potions of brilliance
Books
 l - a book of Annihilations

   Spells                             Type                      Level
   a - Poison Arrow                   Conjuration/Poison           6
   b - Chain Lightning                Conjuration/Air              8
   c - Lehudib's Crystal Spear        Conjuration/Earth            8
   d - Glaciate                       Conjuration/Ice              9
   e - Fire Storm                     Conjuration/Fire             9
Comestibles
 f - 4 bread rations
 g - 3 fruits
 j - 3 meat rations
 n - 2 beef jerkies


   Skills:
 * Level 5.2 Fighting
 * Level 5.0 Axes
 * Level 6.0 Armour
 + Level 2.1 Dodging
 + Level 0.1 Stealth
 * Level 6.4 Shields


You had 6 spell levels left.
You didn't know any spells.

Dungeon Overview and Level Annotations

Branches:
Dungeon (6/15)             Temple (1/1) D:5

Altars:
Ashenzari
Fedhas
Kikubaaqudgha
Nemelex Xobeh
Okawaru
Pakellas
Qazlal
Sif Muna
Trog
Xom
Yredelemnul
The Shining One


Innate Abilities, Weirdness & Mutations

You reflexively headbutt those who attack you in melee.
You have a pair of horns on your head.


Message History

The hound bites you but does no damage.
The orc hits you from afar with a trident.
* * * LOW HITPOINT WARNING * * *
Drink which item? (? for menu, Esc to quit)
It was a potion of flight.
Your roots keep you in place.
You feel less woody.
Your +0 cloak unmelds from your body.
Your +0 pair of gloves unmelds from your body.
Your +2 pair of boots unmelds from your body.
Your +0 chain mail unmelds from your body.
The hound bites you.
* * * LOW HITPOINT WARNING * * *
The hungry ghost hits you.
You are fainting from starvation!
The orc priest hits you but does no damage.
Drink which item? (? for menu, Esc to quit)
You feel very mighty all of a sudden. The hound bites you.
You die...
Your body disappears without a glow.

.......
....?..
.......
.......
#####......
#.........
#....o#
#..o†W#
#..h@.#
#...).#
#.....#
#.....#
#.....#
#.....#
#.....#
#.....#


You could see a hungry ghost, a hound, an orc priest and an orc.

Vanquished Creatures
  2 ogres (D:4)
  A water moccasin zombie (D:5)
  A water moccasin skeleton (D:5)
  A howler monkey (D:5)
  A hound (D:4)
  Crazy Yiuf (D:3)
  A centaur skeleton (D:4)
  2 orc wizards
  2 worker ants (D:5)
  6 adders
  A shadow imp (D:5)
  An ooze (D:2)
  An adder zombie (D:5)
  4 worms
  A dart slug (D:1)
  A giant gecko (D:1)
  8 orcs
  4 giant cockroaches
  10 goblins
  10 hobgoblins
  7 jackals
  8 kobolds
  4 quokkas
  3 ball pythons
  8 bats
  A giant cockroach zombie (D:5)
  8 giant newts
  10 rats
  2 fungi (D:3)
110 creatures vanquished.

Notes
Turn   | Place    | Note
--------------------------------------------------------------
     0 | D:1      | Lovchig the Minotaur Fighter began the quest for the Orb.
     0 | D:1      | Reached XP level 1. HP: 19/19 MP: 0/0
     0 | D:1      | Noticed an iron dragon
     5 | D:1      | Noticed a large abomination
     6 | D:1      | Noticed an ice dragon
     7 | D:1      | Noticed an iron dragon
     8 | D:1      | Noticed an orb of fire
    10 | D:1      | Noticed a shadow dragon
    12 | D:1      | Noticed a red draconian
    14 | D:1      | Noticed a tentacled monstrosity
    14 | D:1      | Noticed an orb of fire
    16 | D:1      | Noticed an iron dragon
    16 | D:1      | Noticed a tentacled monstrosity
    18 | D:1      | Noticed a shadow dragon
    20 | D:1      | Noticed an orb of fire
   124 | D:1      | Reached XP level 2. HP: 25/27 MP: 1/1
   521 | D:1      | Reached XP level 3. HP: 33/33 MP: 2/2
  1346 | D:2      | Reached XP level 4. HP: 20/40 MP: 3/3
  1595 | D:2      | Reached skill level 1 in Dodging
  1911 | D:2      | Found a shattered altar of Ashenzari.
  1911 | D:2      | Found a glowing golden altar of the Shining One.
  2119 | D:3      | Found a deep blue altar of Sif Muna.
  2698 | D:3      | Noticed Crazy Yiuf
  2704 | D:3      | Killed Crazy Yiuf
  2704 | D:3      | Reached XP level 5. HP: 33/46 MP: 4/4
  2876 | D:3      | Found an oddly glowing altar of Pakellas.
  2902 | D:4      | Noticed an ogre
  2907 | D:4      | Killed an ogre
  2907 | D:4      | Reached skill level 5 in Armour
  2907 | D:4      | Reached skill level 5 in Shields
  2937 | D:4      | Noticed an ogre
  2942 | D:4      | Killed an ogre
  2942 | D:4      | Reached XP level 6. HP: 38/53 MP: 5/5
  3214 | D:4      | Found a basalt altar of Yredelemnul.
  3382 | D:5      | Entered Level 5 of the Dungeon
  3459 | D:5      | Reached skill level 5 in Fighting
  3506 | D:5      | Reached XP level 7. HP: 42/61 MP: 6/6
  3576 | D:5      | Reached skill level 5 in Axes
  3815 | D:5      | Found a stormy altar of Qazlal.
  3921 | D:5      | Found a staircase to the Ecumenical Temple.
  3936 | Temple   | Entered the Ecumenical Temple
  3988 | Temple   | Became a worshipper of Nemelex Xobeh the Trickster
  4081 | D:6      | Noticed a hungry ghost
  4096 | D:6      | Paralysed by fainting for 11 turns
  4112 | D:6      | HP: 2/61 [hound (2)]
  4113 | D:6      | Slain by a hound

Skill      XL: |  1  2  3  4  5  6  7 |
---------------+----------------------+-----
Armour         | 4 5 6 |  6.0
Shields        | 4 5 6 |  6.4
Fighting       | 4 5 |  5.2
Axes           | 3 4 5 |  5.0
Dodging        | 1 2 |  2.1
Stealth        | |  0.1

Action                   |  1- 3 |  4- 6 |  7- 9 || total
-------------------------+-------+-------+-------++-------
Melee: War axe           |   136 |   113 |       ||   249
       Headbutt          |    17 |    25 |    11 ||    53
       Hand axe          |       |    21 |    49 ||    70
  Use: Scroll            |     3 |     4 |       ||     7
       Potion            |       |       |     6 ||     6
  Eat: Chunk             |     2 |     7 |     1 ||    10
       Fruit             |       |       |     1 ||     1
Armor: Scale mail        |    86 |    16 |       ||   102
       Chain mail        |       |    40 |    89 ||   129
       Skin              |       |       |     8 ||     8
Dodge: Dodged            |    47 |    20 |    26 ||    93
Block: Shield            |    90 |    67 |    42 ||   199
